Map: Catalyst LE

Players

Alexander - Winner!

  • Race: Zerg Zerg
  • Spawn Location: 11:00

VOD

Have the link to the VOD?

Description

Time

  • Played on: May 15, 2018, 1:55 p.m.
  • Length: 13:05
Show
View Real Time Build Order
Export as new Build Order

Alexander Zerg - Winner!

Build Orders: Hatch First 

Get SALT Encoding   

  12  0:03  Drone  
  12  0:14  Overlord  
  12  0:19  Drone  
  12  0:32  Drone x2  
  12  0:37  Drone  
  12  0:49  Drone  
  12  0:59  Hatchery  
  12  1:02  Drone  
  12  1:07  Extractor  
  12  1:15  Spawning Pool  
  12  1:18  Drone  
  12  1:21  Drone  
  12  1:30  Drone  
  12  1:43  Overlord  
  12  1:53  Drone  
  12  2:04  Zergling x2  
  12  2:08  Queen  
  12  2:10  Queen  
  12  2:11  Zergling x2  
  12  2:13  Metabolic Boost  
  12  2:17  Drone  
  12  2:23  Drone  
  12  2:30  Drone  
  12  2:35  Drone  
  12  2:38  Overlord  
  12  2:44  Drone  
  12  2:58  Queen  
  12  3:02  Drone x2  
  12  3:04  Hatchery  
  12  3:08  Drone  
  12  3:09  Drone  
  12  3:10  Drone  
  12  3:22  Drone x2  
  12  3:23  Overlord  
  12  3:24  Drone  
  12  3:25  Drone x2  
  12  3:28  Queen  
  12  3:40  Queen  
  12  3:41  Overlord  
  12  3:45  Drone x2  
  12  3:55  Drone  
  12  3:58  Drone  
  12  3:59  Drone  
  12  4:01  Extractor  
  12  4:05  Evolution Chamber x2  
  12  4:10  Queen  
  12  4:13  Drone x3  
  12  4:14  Overlord  
  12  4:15  Queen  
  12  4:28  Drone x2  
  12  4:29  Queen  
  12  4:33  Zergling x14  
  12  4:51  Zerg Ground Armor Level 1, Zerg Melee Weapons Level 1, Overlord  
  12  4:56  Drone x3  
  12  5:04  Drone x3  
  12  5:05  Drone x2  
  12  5:08  Lair  
  12  5:11  Drone x3  
  12  5:12  Baneling Nest  
  12  5:20  Drone x2  
  12  5:21  Overlord x2  
  12  5:24  Extractor  
  12  5:27  Extractor, Drone x5  
  12  5:29  Zergling x2  
  12  5:34  Overlord x2  
  12  5:41  Drone x2  
  12  5:42  Drone  
  12  5:43  Drone x2  
  12  5:46  Drone  
  12  5:56  Drone  
  12  5:59  Zergling x16  
  12  6:02  Baneling  
  12  6:03  Baneling x8  
  12  6:10  Extractor x2  
  12  6:13  Baneling x3  
  12  6:14  Zergling x2  
  12  6:15  Zergling x8  
  12  6:25  Hatchery  
  12  6:27  Drone  
  12  6:28  Drone x4  
  12  6:29  Drone  
  12  6:33  Overlord  
  12  6:35  Baneling x4  
  12  6:43  Zergling x2  
  12  6:44  Zergling x10  
  12  6:54  Hydralisk Den, Zerg Melee Weapons Level 2  
  12  6:56  Zerg Ground Armor Level 2  
  12  6:57  Zergling x2  
  12  6:58  Zergling x20  
  12  7:08  Baneling x3  
  12  7:09  Baneling  
  12  7:13  Baneling x2  
  12  7:14  Baneling x5  
  12  7:15  Zergling x2  
  12  7:17  Overlord x3  
  12  7:33  Baneling  
  12  7:34  Baneling x2  
  12  7:41  Muscular Augments  
  12  7:44  Hydralisk x5  
  12  7:52  Drone x2  
  12  7:54  Drone x6  
  12  7:55  Drone x4  
  12  7:56  Drone x3  
  12  7:57  Centrifical Hooks  
  12  8:03  Drone x3  
  12  8:06  Drone  
  12  8:09  Overlord  
  12  8:10  Overlord x2  
  12  8:13  Extractor  
  12  8:16  Extractor  
  12  8:18  Baneling  
  12  8:19  Baneling x2  
  12  8:26  Drone x3  
  12  8:30  Infestation Pit  
  12  8:36  Spire  
  12  8:39  Baneling x4  
  12  8:40  Baneling  
  12  8:53  Grooved Spines  
  12  8:58  Hydralisk x12  
  12  8:59  Hydralisk  
  12  9:01  Overlord x3  
  12  9:13  Hive  
  12  9:51  Hatchery  
  12  9:53  Zerg Missile Weapons Level 1  
  12  9:57  Overlord x3  
  12  10:03  Overseer x2  
  12  10:29  Greater Spire  
  12  10:34  Baneling  
  12  10:35  Baneling x3  
  12  11:11  Queen  
  12  11:13  Corruptor  
  12  11:14  Corruptor x9  
  12  11:21  Adrenal Glands  
  12  12:06  Brood Lord  
  12  12:53  Extractor  
  12  12:54  Extractor  
Tags
 
Add a new tag
Caveats
  • Supply blocks, unpowered buildings, or Contaminate may cause inaccurate times.
  • Supply counts are checked every 10 seconds.